[Event "FIDE WYCC Girls U18 2023"]
[Site "Montesilvano"]
[Date "2023.11.22"]
[Round "9.23"]
[White "Sukyte, Kotryna"]
[Black "Striskova, Lucia"]
[Result "0-1"]
[ECO "D35"]
[WhiteElo "1651"]
[BlackElo "2039"]
[Annotator "RC"]
[PlyCount "110"]
[EventDate "2023.11.13"]
[EventType "swiss"]
[EventCountry "ITA"]
[SourceTitle "playchess.com"]
[Source "ChessBase"]
[SourceQuality "1"]
[TimeControl "40/5400+30:1800+30"]

1. d4 Nf6 2. c4 e6 3. Nc3 d5 4. cxd5 exd5 5. Bg5 Be7 6. e3 O-O 7. Bd3 Re8 8. Nge2 Nbd7 9. Qc2 c6 10. f3 Nf8 11. O-O g6 12. Rae1 Ne6 13. Bh4 b5 14. a3 a5 15. Kh1 Bb7 16. Bf2 b4 17. axb4 axb4 18. Na4 Rc8 19. e4 Nd7 20. exd5 cxd5 21. Qd2 Bc6 22. b3 Qc7 23. Bg3 Qb7 24. Ra1 Ra8 25. Nb2 Ra3 26. Bc2 Rea8 27. Rab1 Bb5 28. Rfe1 Ndf8 29. Nd3 Ra2 30. Nec1 R2a7 31. Nxb4 Be8 32. Nbd3 Nxd4 33. Bd1 Nfe6 34. Bf2 Ra3 35. b4 Bf6 36. Ne5 Nb5 37. Rb3 d4 38. Rxa3 Rxa3 39. Ncd3 Qd5 40. Bc2 Ra2 41. Ng4 Bg7 42. Nc1 Ra3 43. Bg3 h5 44. Nf2 Kh7 45. Be4 Qd8 46. h4 Bf6 47. Kg1 Bxh4 48. Bxh4 Qxh4 49. Bd5 Bd7 50. Nb3 Nbc7 51. Bxe6 Nxe6 52. Re4 Qg3 53. Qb2 Ra8 54. Nxd4 Nf4 55. Nh1 Ra1+ 0-1

[Event "FIDE WYCC Girls U18 2023"]
[Site "Montesilvano"]
[Date "2023.11.22"]
[Round "9.24"]
[White "Sosovickova, Jana"]
[Black "Latifah, Darmaki"]
[Result "1-0"]
[ECO "C77"]
[WhiteElo "2013"]
[BlackElo "1367"]
[Annotator "NA RC"]
[PlyCount "43"]
[EventDate "2023.11.13"]
[EventType "swiss"]
[EventCountry "ITA"]
[SourceTitle "playchess.com"]
[Source "ChessBase"]
[SourceQuality "1"]
[TimeControl "40/5400+30:1800+30"]

1. e4 e5 2. Nf3 Nc6 3. Bb5 a6 4. Ba4 Nf6 5. d4 exd4 6. O-O b5 7. e5 bxa4 8. exf6 Qxf6 9. Bg5 Qg6 10. Re1+ Be7 11. Bxe7 Nxe7 12. Qxd4 Bb7 13. Nbd2 a5 14. Nh4 Qc6 15. Ndf3 Qd5 16. Qxg7 O-O-O 17. Rxe7 Rhg8 18. Qxf7 Qc6 19. Rae1 d6 20. Qf5+ Kb8 21. Qxa5 Rdf8 22. Qc3 1-0

[Event "FIDE WYCC Girls U18 2023"]
[Site "Montesilvano"]
[Date "2023.11.22"]
[Round "9.25"]
[White "Largo, Franchesca"]
[Black "Sipos, Stefania"]
[Result "1/2-1/2"]
[ECO "C47"]
[WhiteElo "1658"]
[BlackElo "1932"]
[Annotator "NA RC"]
[PlyCount "89"]
[EventDate "2023.11.13"]
[EventType "swiss"]
[EventCountry "ITA"]
[SourceTitle "playchess.com"]
[Source "ChessBase"]
[SourceQuality "1"]
[TimeControl "40/5400+30:1800+30"]

1. e4 e5 2. Nf3 Nc6 3. Nc3 Nf6 4. d4 exd4 5. Nxd4 Bc5 6. Be3 Bb6 7. Qd2 O-O 8. f3 d5 9. Nxc6 bxc6 10. O-O-O Bxe3 11. Qxe3 Qe7 12. Qd4 Be6 13. e5 Nd7 14. Bd3 Rab8 15. a3 Nb6 16. f4 c5 17. Qf2 c4 18. Be2 c5 19. f5 Qg5+ 20. Kb1 Qxf5 21. Qxc5 Qxe5 22. Bf3 Rfc8 23. Qd4 Qd6 24. h4 Qc5 25. Qxc5 Rxc5 26. Rd4 Kf8 27. Rhd1 Rd8 28. Kc1 Ke7 29. g4 g6 30. Kd2 f5 31. gxf5 Bxf5 32. Re1+ Kf7 33. Bg4 Bxg4 34. Rxg4 d4 35. Ne4 c3+ 36. Kd3 Rf5 37. Ng5+ Kg8 38. Ne6 Re8 39. bxc3 dxc3 40. Nd4 Rxe1 41. Nxf5 Ra1 42. h5 Rxa3 43. hxg6 hxg6 44. Rxg6+ Kf7 45. Rc6 1/2-1/2

[Event "FIDE WYCC Girls U18 2023"]
[Site "Montesilvano"]
[Date "2023.11.22"]
[Round "9.26"]
[White "Hyatt, Jessica"]
[Black "Chavez Echeverria, Ana Karen"]
[Result "1-0"]
[ECO "D37"]
[WhiteElo "1818"]
[BlackElo "1230"]
[Annotator "NA RC"]
[PlyCount "67"]
[EventDate "2023.11.13"]
[EventType "swiss"]
[EventCountry "ITA"]
[SourceTitle "playchess.com"]
[Source "ChessBase"]
[SourceQuality "1"]
[TimeControl "40/5400+30:1800+30"]

1. d4 Nf6 2. Nf3 d5 3. c4 e6 4. Nc3 Be7 5. Qc2 c5 6. cxd5 cxd4 7. Nxd4 O-O 8. Bg5 Nxd5 9. Bxe7 Nxe7 10. Rd1 Qa5 11. e3 Nbc6 12. a3 Rd8 13. Bd3 Qh5 14. Nxc6 Nxc6 15. O-O Bd7 16. Rd2 Ne5 17. Rfd1 Rac8 18. Be2 Qh4 19. f4 Nc4 20. Bxc4 Rxc4 21. Rd6 Rc7 22. Qd2 b6 23. Qd3 g6 24. Ne4 Kg7 25. Qd4+ f6 26. g3 e5 27. fxe5 Qh6 28. e6 Rf8 29. Rxd7+ Rxd7 30. exd7 Kg8 31. d8=Q Rxd8 32. Qxd8+ Qf8 33. Nxf6+ Kg7 34. Rd7+ 1-0

[Event "FIDE WYCC Girls U18 2023"]
[Site "Montesilvano"]
[Date "2023.11.22"]
[Round "9.27"]
[White "Alexandrova, Angelina"]
[Black "Saraci, Rinesa"]
[Result "1/2-1/2"]
[ECO "A46"]
[WhiteElo "1814"]
[BlackElo "1481"]
[Annotator "NA RC"]
[PlyCount "115"]
[EventDate "2023.11.13"]
[EventType "swiss"]
[EventCountry "ITA"]
[SourceTitle "playchess.com"]
[Source "ChessBase"]
[SourceQuality "1"]
[TimeControl "40/5400+30:1800+30"]

1. d4 Nf6 2. Nf3 e6 3. g3 d5 4. Bg2 Be7 5. O-O O-O 6. b3 b6 7. c4 Bb7 8. Bb2 Nbd7 9. Nbd2 dxc4 10. Nxc4 c5 11. dxc5 Nxc5 12. Qxd8 Raxd8 13. Rfd1 h6 14. Nd4 Bd5 15. Nc6 Bxc6 16. Bxc6 Rxd1+ 17. Rxd1 Rc8 18. Bf3 Ncd7 19. e4 Nf8 20. Kf1 N6d7 21. e5 Nb8 22. Be4 Nfd7 23. Ke2 Nc5 24. Bb1 Nc6 25. f4 Nb4 26. Ne3 Nc6 27. g4 Rd8 28. Rxd8+ Bxd8 29. Nc4 Bc7 30. Ke3 Kf8 31. Ba3 g6 32. b4 b5 33. bxc5 bxc4 34. Be4 Na5 35. Kd4 Ke8 36. Bf3 Kd7 37. Be2 Kc6 38. Bxc4 Nxc4 39. Kxc4 Ba5 40. Bb4 Bd8 41. Bd2 Be7 42. f5 h5 43. gxh5 gxh5 44. fxe6 fxe6 45. Be3 Bd8 46. h3 Bc7 47. Kd4 Bd8 48. Bf2 Be7 49. Kc4 Bd8 50. Kb4 Bc7 51. Bg3 Bd8 52. Bf4 Be7 53. Be3 Bd8 54. Kc4 Bc7 55. Bd4 Bd8 56. a4 a6 57. Bf2 Be7 58. h4 1/2-1/2

[Event "FIDE WYCC Girls U18 2023"]
[Site "Montesilvano"]
[Date "2023.11.22"]
[Round "9.28"]
[White "Ajradinoska, Indzi"]
[Black "Soares, Sara Joana De Moura "]
[Result "0-1"]
[ECO "D02"]
[WhiteElo "1594"]
[BlackElo "1772"]
[Annotator "NA RC"]
[PlyCount "64"]
[EventDate "2023.11.13"]
[EventType "swiss"]
[EventCountry "ITA"]
[SourceTitle "playchess.com"]
[Source "ChessBase"]
[SourceQuality "1"]
[TimeControl "40/5400+30:1800+30"]

1. d4 d5 2. Nf3 Nf6 3. b3 Bg4 4. Bb2 e6 5. e3 c5 6. Nbd2 Nc6 7. Bd3 cxd4 8. exd4 Bd6 9. O-O O-O 10. c3 Rc8 11. Qe1 Re8 12. Ne5 Bh5 13. f4 Nd7 14. Nxd7 Qxd7 15. Qe3 Bg6 16. Be2 Ne7 17. Rae1 Bc7 18. Ba3 Nf5 19. Qf3 Ba5 20. Nb1 Nh4 21. Qg4 Bxb1 22. Rxb1 Nf5 23. b4 Ne3 24. Qf3 Nxf1 25. Qxf1 Qe7 26. c4 dxc4 27. bxa5 Qxa3 28. Bxc4 Qxa5 29. Rxb7 Qa4 30. Bb3 Qxd4+ 31. Kh1 Qd2 32. f5 Rc1 0-1

[Event "FIDE WYCC Girls U18 2023"]
[Site "Montesilvano"]
[Date "2023.11.22"]
[Round "9.29"]
[White "Mohd Azman, Farihah Nur Aisyah"]
[Black "Egger, Stefanie"]
[Result "1/2-1/2"]
[ECO "A48"]
[WhiteElo "1379"]
[BlackElo "1784"]
[Annotator "NA RC"]
[PlyCount "96"]
[EventDate "2023.11.13"]
[EventType "swiss"]
[EventCountry "ITA"]
[SourceTitle "playchess.com"]
[Source "ChessBase"]
[SourceQuality "1"]
[TimeControl "40/5400+30:1800+30"]

1. d4 Nf6 2. Nf3 g6 3. Bf4 Bg7 4. Nbd2 d6 5. c3 O-O 6. e3 b6 7. Qc2 Bb7 8. h4 Nbd7 9. Be2 Qe8 10. O-O-O e5 11. dxe5 dxe5 12. Bg5 e4 13. Nd4 a6 14. Rdg1 c5 15. N4b3 Rd8 16. Kb1 h6 17. Bf4 Qe6 18. g4 Ne8 19. Qd1 Ne5 20. Bxe5 Bxe5 21. g5 h5 22. Qf1 Ng7 23. Bxa6 Bxa6 24. Qxa6 Ra8 25. Qc4 Qxc4 26. Nxc4 Bc7 27. Rd1 Rad8 28. Rd2 Nf5 29. Kc2 Rfe8 30. Rxd8 Rxd8 31. Ncd2 Re8 32. Nc1 Kg7 33. Ne2 f6 34. Nf1 fxg5 35. hxg5 Bd8 36. Rg1 Nd6 37. Nf4 Nf7 38. Nh3 Re5 39. Nd2 Nxg5 40. Nxg5 Bxg5 41. Kd1 Bf6 42. Ke2 g5 43. f4 Re6 44. fxg5 Be7 45. g6 Re5 46. a4 Re6 47. Nc4 Bd8 48. Nd2 Be7 1/2-1/2

[Event "FIDE WYCC Girls U18 2023"]
[Site "Montesilvano"]
[Date "2023.11.22"]
[Round "9.30"]
[White "Ivanovic, Tara"]
[Black "Hoanca, Alexia-Ioana"]
[Result "0-1"]
[ECO "B18"]
[WhiteElo "1575"]
[BlackElo "1830"]
[Annotator "NA RC"]
[PlyCount "78"]
[EventDate "2023.11.13"]
[EventType "swiss"]
[EventCountry "ITA"]
[SourceTitle "playchess.com"]
[Source "ChessBase"]
[SourceQuality "1"]
[TimeControl "40/5400+30:1800+30"]

1. e4 c6 2. d4 d5 3. Nd2 dxe4 4. Nxe4 Bf5 5. Ng3 Bg6 6. Nf3 Nd7 7. Bd3 Bxd3 8. Qxd3 e6 9. O-O Ngf6 10. c4 Be7 11. b3 O-O 12. Bb2 a5 13. Rfd1 a4 14. Nf1 Qa5 15. Ne3 Rfd8 16. Qc2 Qh5 17. Rd2 Bb4 18. Rdd1 a3 19. Bc1 e5 20. Nf1 exd4 21. Nxd4 Qe5 22. Be3 Nc5 23. Nf3 Qb2 24. Rxd8+ Rxd8 25. Rd1 Ne6 26. Rxd8+ Nxd8 27. Qd3 Ne6 28. Nd4 Nc5 29. Qc2 Nce4 30. Ng3 Nxg3 31. hxg3 c5 32. Qf5 cxd4 33. Bg5 Bf8 34. Bxf6 Qc1+ 35. Kh2 gxf6 36. Qg4+ Qg5 37. Qxd4 Bc5 38. Qd8+ Kg7 39. Qc7 Bxf2 0-1

[Event "FIDE WYCC Girls U18 2023"]
[Site "Montesilvano"]
[Date "2023.11.22"]
[Round "9.31"]
[White "Hernandez Ortega, Carolina"]
[Black "Stagno, Milena"]
[Result "1-0"]
[ECO "B34"]
[WhiteElo "1796"]
[BlackElo "1444"]
[Annotator "NA RC"]
[PlyCount "113"]
[EventDate "2023.11.13"]
[EventType "swiss"]
[EventCountry "ITA"]
[SourceTitle "playchess.com"]
[Source "ChessBase"]
[SourceQuality "1"]
[TimeControl "40/5400+30:1800+30"]

1. e4 c5 2. Nf3 Nc6 3. d4 cxd4 4. Nxd4 g6 5. Nc3 Bg7 6. Nb3 Nf6 7. g4 h6 8. Be2 d6 9. Be3 Ne5 10. h3 Be6 11. Bb5+ Bd7 12. f4 Nc6 13. Qd2 a6 14. Be2 b5 15. a3 Na5 16. Nd4 Nc4 17. Bxc4 bxc4 18. e5 dxe5 19. fxe5 Ng8 20. e6 Bxe6 21. Nxe6 Qxd2+ 22. Bxd2 fxe6 23. O-O-O Nf6 24. Rhe1 Kf7 25. Ne4 Rac8 26. Bc3 Rc6 27. Rf1 g5 28. Nxf6 exf6 29. Rd7+ Kg6 30. Rxg7+ Kxg7 31. Bxf6+ Kh7 32. Bxh8 Kxh8 33. Rf3 Rd6 34. Rf8+ Kg7 35. Rc8 Rd4 36. Rc6 Re4 37. Rxa6 Re3 38. Rc6 Rxh3 39. Rxc4 Rh4 40. b4 h5 41. Rc7+ Kf6 42. gxh5 Rxh5 43. Kd2 g4 44. Ke2 Rf5 45. Rc8 Kg5 46. c4 g3 47. c5 Rf2+ 48. Ke1 Ra2 49. c6 g2 50. Rg8+ Kf4 51. c7 Ke3 52. Kd1 Ra1+ 53. Kc2 g1=Q 54. Rxg1 Rxg1 55. c8=Q Rg2+ 56. Kb3 e5 57. Qh3+ 1-0

[Event "FIDE WYCC Girls U18 2023"]
[Site "Montesilvano"]
[Date "2023.11.22"]
[Round "9.32"]
[White "Gonzalez Romo, Greshya Jocelyn"]
[Black "Graziani, Emma"]
[Result "0-1"]
[ECO "C77"]
[WhiteElo "1494"]
[BlackElo "1783"]
[Annotator "NA RC"]
[PlyCount "110"]
[EventDate "2023.11.13"]
[EventType "swiss"]
[EventCountry "ITA"]
[SourceTitle "playchess.com"]
[Source "ChessBase"]
[SourceQuality "1"]
[TimeControl "40/5400+30:1800+30"]

1. e4 e5 2. Nf3 Nc6 3. Bb5 a6 4. Ba4 Nf6 5. d3 d6 6. c3 b5 7. Bc2 Na5 8. b4 Nc6 9. a4 Bb7 10. O-O Be7 11. Bg5 O-O 12. Na3 Na7 13. Re1 h6 14. Be3 bxa4 15. Bxa4 Nc6 16. Nc4 g5 17. Nfd2 Nh7 18. Qh5 Kg7 19. Nf1 f5 20. exf5 Rxf5 21. Ng3 Rf7 22. Ne4 Nf6 23. Nxf6 Bxf6 24. Nd2 d5 25. Bb3 Rd7 26. Bc5 Ne7 27. Nf3 Ng6 28. Nd2 e4 29. dxe4 Bxc3 30. exd5 Nf4 31. Qd1 Bxd5 32. Qc1 Bxa1 33. Qxa1+ Kg8 34. Bxd5+ Nxd5 35. h3 Qf6 36. Qa2 Kh7 37. Nf3 Nf4 38. Ne5 Rg7 39. Qc2+ Ng6 40. Ng4 Qc6 41. Qb3 Nf4 42. f3 h5 43. Ne5 Qd5 44. Qc2+ Kg8 45. Nc4 Rd8 46. Ne3 Qe6 47. Qc4 Qxc4 48. Nxc4 Rgd7 49. Re5 Rd5 50. Re7 R8d7 51. Re8+ Kg7 52. Ne5 Rd1+ 53. Kh2 R7d2 54. Bf8+ Kf6 55. Be7+ Kxe5 0-1

[Event "FIDE WYCC Girls U18 2023"]
[Site "Montesilvano"]
[Date "2023.11.22"]
[Round "9.33"]
[White "Nielsen-Refs, Ingrid Elmer"]
[Black "Darweeche, Roaa"]
[Result "1/2-1/2"]
[ECO "D35"]
[WhiteElo "1676"]
[BlackElo "1406"]
[Annotator "NA RC"]
[PlyCount "65"]
[EventDate "2023.11.13"]
[EventType "swiss"]
[EventCountry "ITA"]
[SourceTitle "playchess.com"]
[Source "ChessBase"]
[SourceQuality "1"]
[TimeControl "40/5400+30:1800+30"]

1. d4 d5 2. c4 e6 3. Nc3 Nf6 4. cxd5 exd5 5. Bg5 Be7 6. e3 c6 7. Bd3 Na6 8. Bxa6 bxa6 9. Nge2 O-O 10. O-O Nd7 11. Bxe7 Qxe7 12. Qd2 Nb6 13. b3 Bg4 14. f3 Bf5 15. Ng3 Bg6 16. e4 dxe4 17. fxe4 Rfd8 18. Rad1 Rac8 19. Qd3 Qb4 20. Nce2 Qb5 21. Nf4 Qxd3 22. Rxd3 Rd7 23. Nxg6 hxg6 24. Rc1 Rcd8 25. Ne2 Re8 26. e5 Rxe5 27. Ng3 Re8 28. Rcd1 Red8 29. R1d2 Rd6 30. Rd1 R6d7 31. R1d2 Rd6 32. Rd1 R6d7 33. R1d2 1/2-1/2

[Event "FIDE WYCC Girls U18 2023"]
[Site "Montesilvano"]
[Date "2023.11.22"]
[Round "9.34"]
[White "Galli, Maria Vittoria"]
[Black "Zubova, Darja"]
[Result "0-1"]
[ECO "B12"]
[WhiteElo "1452"]
[BlackElo "1582"]
[Annotator "NA RC"]
[PlyCount "70"]
[EventDate "2023.11.13"]
[EventType "swiss"]
[EventCountry "ITA"]
[SourceTitle "playchess.com"]
[Source "ChessBase"]
[SourceQuality "1"]
[TimeControl "40/5400+30:1800+30"]

1. e4 c6 2. d4 d5 3. e5 Bf5 4. Nf3 e6 5. Be2 c5 6. c3 Nc6 7. Nbd2 Qb6 8. Nb3 cxd4 9. cxd4 Bb4+ 10. Bd2 Nge7 11. O-O Bxd2 12. Qxd2 O-O 13. Nc5 Rfd8 14. Rac1 h6 15. b3 Bg4 16. h3 Bxf3 17. Bxf3 Nf5 18. Bg4 Ncxd4 19. Na4 Qb5 20. Bxf5 Nxf5 21. Rc7 b6 22. Rfc1 d4 23. g4 Nh4 24. Qf4 Rf8 25. Kh1 Qd5+ 26. f3 Nxf3 27. R7c2 Nxe5+ 28. Kh2 Nd3 29. Qd2 Nxc1 30. Rxc1 Qe5+ 31. Kg2 Qe4+ 32. Kh2 Rac8 33. Re1 Rc2 34. Rxe4 Rxd2+ 35. Kg3 Rd8 0-1

[Event "FIDE WYCC Girls U18 2023"]
[Site "Montesilvano"]
[Date "2023.11.22"]
[Round "9.35"]
[White "Monteiro, Helen Ramazzotte"]
[Black "Gavrileva, Anna"]
[Result "0-1"]
[ECO "A13"]
[WhiteElo "1447"]
[BlackElo "1316"]
[Annotator "NA RC"]
[PlyCount "74"]
[EventDate "2023.11.13"]
[EventType "swiss"]
[EventCountry "ITA"]
[SourceTitle "playchess.com"]
[Source "ChessBase"]
[SourceQuality "1"]
[TimeControl "40/5400+30:1800+30"]

1. c4 e6 2. Nc3 d5 3. Nf3 Nf6 4. g3 Be7 5. Bg2 O-O 6. b3 d4 7. Nb5 c5 8. d3 a6 9. Na3 Nc6 10. O-O e5 11. Nc2 Re8 12. a3 a5 13. Rb1 h6 14. Bd2 Bd6 15. b4 axb4 16. axb4 e4 17. Nfe1 b6 18. bxc5 bxc5 19. Qc1 Bf5 20. Na3 Rc8 21. Bf4 exd3 22. exd3 Nb4 23. Bxd6 Qxd6 24. Qd1 Nd7 25. Nac2 Na2 26. Ra1 Nc3 27. Qf3 Qg6 28. h3 Ne5 29. Qb7 Nxd3 30. Nf3 Ne5 31. Nh4 Qf6 32. Nxf5 Qxf5 33. Ne1 Nxc4 34. g4 Qg6 35. Kh1 Nd2 36. Rg1 Rcd8 37. Ra5 Ne2 0-1

[Event "FIDE WYCC Girls U18 2023"]
[Site "Montesilvano"]
[Date "2023.11.23"]
[Round "10.1"]
[White "Hrebenshchykova, Yelyzaveta"]
[Black "Voriskova, Anna"]
[Result "1-0"]
[ECO "A57"]
[WhiteElo "2292"]
[BlackElo "2065"]
[Annotator "RC"]
[PlyCount "109"]
[EventDate "2023.11.13"]
[EventType "swiss"]
[EventCountry "ITA"]
[SourceTitle "playchess.com"]
[Source "ChessBase"]
[SourceQuality "1"]
[TimeControl "40/5400+30:1800+30"]

1. d4 Nf6 2. c4 c5 3. d5 b5 4. cxb5 a6 5. e3 axb5 6. Bxb5 Qa5+ 7. Nc3 Bb7 8. Bd2 Qb6 9. Qb3 e6 10. e4 Be7 11. Nge2 O-O 12. O-O Na6 13. dxe6 fxe6 14. Bg5 Qc7 15. Bf4 Qc8 16. Rad1 Kh8 17. Bxd7 Nxd7 18. Qxe6 Nf6 19. Qxe7 Re8 20. Qf7 Bxe4 21. Nxe4 Rxe4 22. Be3 Qc6 23. Ng3 Rg4 24. Qe7 Nd5 25. Qe5 Nac7 26. Rc1 Ne6 27. Rfd1 Nxe3 28. fxe3 Re8 29. Rd6 Qc8 30. Qd5 h6 31. Qc6 Qxc6 32. Rxc6 Kh7 33. b3 Rb4 34. Rd1 Rb7 35. Rd3 Ra7 36. a4 Rb7 37. Ne4 Nf4 38. exf4 Rxe4 39. Rxc5 Rxf4 40. Rc2 Re7 41. g3 Rfe4 42. Ra2 Rb4 43. Kf2 Reb7 44. Ra3 Rc7 45. Rd2 Rc3 46. Rb2 Rb8 47. a5 Rf8+ 48. Kg2 h5 49. a6 h4 50. a7 Ra8 51. gxh4 Kh6 52. Ra5 Rc7 53. Rba2 Rb7 54. R2a3 Kg6 55. Kf3 1-0

[Event "FIDE WYCC Girls U18 2023"]
[Site "Montesilvano"]
[Date "2023.11.23"]
[Round "10.2"]
[White "Luong, Hoang Tu Linh"]
[Black "Wikar, Martyna"]
[Result "1/2-1/2"]
[ECO "A46"]
[WhiteElo "1887"]
[BlackElo "2228"]
[Annotator "RC"]
[PlyCount "94"]
[EventDate "2023.11.13"]
[EventType "swiss"]
[EventCountry "ITA"]
[SourceTitle "playchess.com"]
[Source "ChessBase"]
[SourceQuality "1"]
[TimeControl "40/5400+30:1800+30"]

1. d4 Nf6 2. Nf3 e6 3. Bf4 c5 4. e3 Nc6 5. c3 d5 6. Bd3 Bd6 7. Bg3 Qc7 8. dxc5 Bxg3 9. hxg3 e5 10. Bb5 O-O 11. Bxc6 bxc6 12. Nbd2 Ba6 13. Qc2 e4 14. Nd4 Nd7 15. N2b3 Bc4 16. Qd1 g6 17. Qg4 Ne5 18. Qh4 f6 19. Ne6 Qe7 20. Nxf8 Rxf8 21. O-O-O Rb8 22. Nd4 Bxa2 23. Kc2 Bc4 24. Ra1 h5 25. b4 Bd3+ 26. Kd2 Bb5 27. Qf4 Rb7 28. Qh6 Qe8 29. Qf4 Qf7 30. Nxb5 Rxb5 31. Ra6 Kg7 32. g4 g5 33. Qf5 h4 34. Rha1 Rb7 35. Qc8 Re7 36. Kc2 d4 37. exd4 Nd3 38. Qb8 e3 39. fxe3 Qg6 40. Kb3 Qf7+ 41. c4 Nxc5+ 42. dxc5 Rxe3+ 43. Ka4 Qxc4 44. Rxa7+ Kg6 45. Qb7 Re7 46. Qxe7 Qb5+ 47. Kb3 Qd3+ 1/2-1/2

[Event "FIDE WYCC Girls U18 2023"]
[Site "Montesilvano"]
[Date "2023.11.23"]
[Round "10.3"]
[White "Kurmangaliyeva, Liya"]
[Black "Petricenco, Ana"]
[Result "*"]
[ECO "B32"]
[WhiteElo "2236"]
[BlackElo "1902"]
[Annotator "RC"]
[PlyCount "53"]
[EventDate "2023.11.13"]
[EventType "swiss"]
[EventCountry "ITA"]
[SourceTitle "playchess.com"]
[Source "ChessBase"]
[SourceQuality "1"]
[TimeControl "40/5400+30:1800+30"]

1. e4 c5 2. Nf3 Nc6 3. d4 cxd4 4. Nxd4 Qb6 5. Nb3 Nf6 6. Nc3 e6 7. a3 Qc7 8. f4 d6 9. Qe2 Be7 10. Be3 a6 11. g4 O-O 12. g5 Nd7 13. Rg1 g6 14. f5 Rd8 15. Qf2 b6 16. O-O-O Nc5 17. Nd4 Bb7 18. fxe6 fxe6 19. Nxe6 Nxe6 20. Nd5 Rf8 21. Nxc7 Rxf2 22. Bc4 Rf3 23. Bxe6+ Kh8 24. Nxa8 Rxe3 25. Nxb6 Rxe4 26. Bc8 Bxc8 27. Nxc8 *

[Event "FIDE WYCC Girls U18 2023"]
[Site "Montesilvano"]
[Date "2023.11.23"]
[Round "10.4"]
[White "Balabayeva, Xeniya"]
[Black "Gasimova, Samra"]
[Result "1-0"]
[ECO "A45"]
[WhiteElo "2192"]
[BlackElo "1860"]
[Annotator "RC"]
[PlyCount "63"]
[EventDate "2023.11.13"]
[EventType "swiss"]
[EventCountry "ITA"]
[SourceTitle "playchess.com"]
[Source "ChessBase"]
[SourceQuality "1"]
[TimeControl "40/5400+30:1800+30"]

1. d4 Nf6 2. Bf4 d5 3. e3 c5 4. dxc5 e6 5. b4 a5 6. c3 Be7 7. Nd2 O-O 8. a3 b6 9. cxb6 Qxb6 10. Ngf3 Nfd7 11. b5 a4 12. Qc2 f5 13. h4 Bf6 14. g4 e5 15. Bg3 fxg4 16. Ng5 e4 17. Qa2 Bb7 18. Ngxe4 Be5 19. Rg1 Kh8 20. Ng5 Qf6 21. Qc2 g6 22. O-O-O Bxc3 23. Nde4 dxe4 24. Rd6 Rc8 25. Rxf6 Bxf6 26. Bc4 Bd5 27. Bxd5 Rxc2+ 28. Kxc2 Ra5 29. Rb1 Na6 30. Nxe4 Be5 31. Bxe5+ Nxe5 32. bxa6 1-0

[Event "FIDE WYCC Girls U18 2023"]
[Site "Montesilvano"]
[Date "2023.11.23"]
[Round "10.5"]
[White "Mihelic, Vesna"]
[Black "Barwinska, Ewa"]
[Result "1-0"]
[ECO "B53"]
[WhiteElo "2102"]
[BlackElo "1974"]
[Annotator "NA RC"]
[PlyCount "87"]
[EventDate "2023.11.13"]
[EventType "swiss"]
[EventCountry "ITA"]
[SourceTitle "playchess.com"]
[Source "ChessBase"]
[SourceQuality "1"]
[TimeControl "40/5400+30:1800+30"]

1. e4 c5 2. Nf3 d6 3. d4 cxd4 4. Qxd4 Nc6 5. Bb5 Bd7 6. Qd3 Nf6 7. c4 g6 8. Nc3 Bg7 9. O-O O-O 10. h3 a6 11. Bxc6 Bxc6 12. Be3 b5 13. cxb5 Bxb5 14. Nxb5 axb5 15. Nd4 Qd7 16. Nxb5 Nxe4 17. a4 d5 18. Rfd1 Rfd8 19. Bb6 Rdb8 20. a5 Nc5 21. Qe2 Nb3 22. Nc7 Nxa1 23. Nxa8 Rxa8 24. Rxa1 d4 25. Qd3 e5 26. b4 Qd5 27. Rc1 e4 28. Qc4 Qg5 29. Re1 Re8 30. Qc6 Qe7 31. a6 Bf8 32. Bc5 Qd8 33. Bxd4 Re6 34. Qc4 Rxa6 35. Qxa6 Qxd4 36. Qa8 Qxb4 37. Rxe4 Qb1+ 38. Kh2 Kg7 39. Qd5 Bd6+ 40. g3 Qf1 41. Qd4+ f6 42. Qa7+ Kf8 43. Re6 Be5 44. Re7 1-0

[Event "FIDE WYCC Girls U18 2023"]
[Site "Montesilvano"]
[Date "2023.11.23"]
[Round "10.6"]
[White "Nguyen Hong Nhung"]
[Black "Liu, Kelsey"]
[Result "1-0"]
[ECO "B45"]
[WhiteElo "1975"]
[BlackElo "2051"]
[Annotator "NA RC"]
[PlyCount "111"]
[EventDate "2023.11.13"]
[EventType "swiss"]
[EventCountry "ITA"]
[SourceTitle "playchess.com"]
[Source "ChessBase"]
[SourceQuality "1"]
[TimeControl "40/5400+30:1800+30"]

1. e4 c5 2. Nf3 e6 3. d4 cxd4 4. Nxd4 Nc6 5. Nc3 Nf6 6. Ndb5 Bc5 7. Nd6+ Ke7 8. Bf4 e5 9. Nf5+ Kf8 10. Bg5 d6 11. Bc4 Be6 12. Bb3 h6 13. Bxf6 Qxf6 14. Ne3 g6 15. O-O Kg7 16. Ned5 Qg5 17. Kh1 Rad8 18. Qd3 h5 19. Na4 h4 20. h3 Nd4 21. c3 Nxb3 22. axb3 a6 23. b4 Ba7 24. b5 axb5 25. Qxb5 Qd2 26. Nab6 Bxb6 27. Nxb6 g5 28. f3 Rh6 29. Rad1 Qf4 30. Nd5 Qg3 31. Rd2 Rd7 32. Rfd1 Rg6 33. Qe2 f5 34. Rd3 Bxd5 35. Rxd5 g4 36. exf5 gxf3 37. Qxf3 Rf6 38. Qh5 Qf4 39. Qg4+ Kh6 40. Qxf4+ exf4 41. Re1 Kg5 42. Re8 Rdf7 43. Rg8+ Kh5 44. Rd8 Rxf5 45. R8xd6 Kg5 46. Kg1 Rf8 47. Kf2 Ra8 48. Rxf5+ Kxf5 49. Kf3 Ra1 50. Rd5+ Ke6 51. Rb5 Ra7 52. Kxf4 Kd6 53. Kg4 Kc6 54. Rb4 b6 55. Kxh4 Rh7+ 56. Kg3 1-0

[Event "FIDE WYCC Girls U18 2023"]
[Site "Montesilvano"]
[Date "2023.11.23"]
[Round "10.7"]
[White "Abrisqueta Zudaire, Leyre"]
[Black "Trifoi, Mihaela-Ioana"]
[Result "1-0"]
[ECO "A13"]
[WhiteElo "2137"]
[BlackElo "2021"]
[Annotator "NA RC"]
[PlyCount "95"]
[EventDate "2023.11.13"]
[EventType "swiss"]
[EventCountry "ITA"]
[SourceTitle "playchess.com"]
[Source "ChessBase"]
[SourceQuality "1"]
[TimeControl "40/5400+30:1800+30"]

1. c4 e6 2. g3 d5 3. Bg2 Nf6 4. Nf3 c6 5. b3 Be7 6. O-O O-O 7. d4 a5 8. Nc3 b6 9. Bb2 Ba6 10. Nd2 b5 11. c5 b4 12. Na4 Nbd7 13. Re1 Re8 14. e4 dxe4 15. Nxe4 Nd5 16. Qc2 Qc7 17. Rac1 Bb5 18. Ba1 Rad8 19. Nb2 N7f6 20. Nc4 Nxe4 21. Bxe4 h6 22. Bb2 Qa7 23. Rcd1 Qc7 24. Ra1 Ra8 25. a3 Nf6 26. Bg2 Nd7 27. Qd2 Bxc4 28. bxc4 bxa3 29. Rxa3 Ra6 30. Kh1 Bf6 31. Bc3 a4 32. f4 Rd8 33. Qc2 Rda8 34. Rea1 Qa7 35. Be4 Be7 36. Qg2 Qc7 37. Bc2 Bf6 38. Qf3 Qb7 39. Kg2 Rd8 40. Rxa4 Rxa4 41. Bxa4 Nb8 42. Qe4 Qc8 43. h4 Na6 44. Ra3 Nb8 45. Bc2 Qd7 46. Bb2 Qb7 47. Rb3 Qa6 48. Rxb8 1-0

[Event "FIDE WYCC Girls U18 2023"]
[Site "Montesilvano"]
[Date "2023.11.23"]
[Round "10.8"]
[White "Cornileau, Juliette"]
[Black "Obada, Ema"]
[Result "0-1"]
[ECO "E52"]
[WhiteElo "2089"]
[BlackElo "2023"]
[Annotator "NA RC"]
[PlyCount "88"]
[EventDate "2023.11.13"]
[EventType "swiss"]
[EventCountry "ITA"]
[SourceTitle "playchess.com"]
[Source "ChessBase"]
[SourceQuality "1"]
[TimeControl "40/5400+30:1800+30"]

1. d4 Nf6 2. c4 e6 3. Nc3 Bb4 4. e3 O-O 5. Bd3 d5 6. Nf3 b6 7. O-O Ba6 8. cxd5 exd5 9. a3 Bxc3 10. bxc3 Bxd3 11. Qxd3 Nbd7 12. c4 c6 13. Bb2 Re8 14. Rac1 Ne4 15. Qb3 Nf8 16. Rc2 f6 17. Rfc1 Ne6 18. Ne1 dxc4 19. Qxc4 c5 20. Nf3 Kh8 21. Nh4 Qd7 22. f3 Nd6 23. Qb3 c4 24. Qc3 b5 25. e4 Nf4 26. e5 Nf5 27. Nxf5 Qxf5 28. Rf1 Nd5 29. Qd2 Ne3 30. Rcc1 Nxf1 31. Rxf1 fxe5 32. dxe5 Rad8 33. Qa5 Qc2 34. Bc3 a6 35. h3 Rd3 36. Bb4 Rxe5 37. Qxa6 h6 38. f4 Red5 39. Qg6 Qe2 40. f5 Rd1 41. Rxd1 Rxd1+ 42. Kh2 Qe5+ 43. Qg3 Rh1+ 44. Kxh1 Qxg3 0-1